 Dungeon Crawl Stone Soup version 0.31-a0-968-g24f9ace8b5 (webtiles) character file.

Game seed: 10062598870736751958

47 gelatine the Chopper (level 3, -7/27 HPs)
             Began as a Demonspawn Gladiator on Oct 28, 2023.
             Mangled by a gnoll
             ... wielding a +0 halberd
              (13 damage)
             ... on level 2 of the Dungeon.
             The game lasted 00:02:11 (1185 turns).

gelatine the Chopper (Demonspawn Gladiator)         Turns: 1185, Time: 00:02:11

Health: -7/27      AC:  4    Str: 16    XL:     3   Next: 48%
Magic:  3/3        EV: 13    Int:  9    God:
Gold:   70         SH:  0    Dex: 16    Spells: 2/2 levels left

rFire   . . .        a - +0 war axe
rCold   . . .        (no shield)
rNeg    . . .        b - +0 leather armour
rPois   .            c - +0 helmet
rElec   .            (no cloak)
rCorr   .            (no gloves)
SInv    .            (no boots)
Will    .....        (no amulet)
Stlth   ++           (no ring)
HPRegen 0.24/turn    (no ring)
MPRegen 0.08/turn

%: no passive effects
@: no status effects
A: thin skeletal structure 1
a: no special abilities


You were on level 2 of the Dungeon.
You visited 1 branch of the dungeon, and saw 2 of its levels.

You collected 70 gold pieces.

Inventory:

Hand Weapons
 a - a +0 war axe (weapon)
Missiles
 d - 3 throwing nets (quivered)
 e - a javelin
Armour
 b - a +0 leather armour (worn)
 c - a +0 helmet (worn)
Jewellery
 i - a ring of ice
 n - a ring of wizardry
Scrolls
 f - a scroll of revelation {unknown}
 l - a scroll of amnesia {unknown}
 m - a scroll of teleportation {unknown}
Potions
 g - a potion of attraction {unknown}
 h - 3 potions of heal wounds {unknown}
 j - a potion of might {unknown}
 k - a potion of lignification {unknown}


   Skills:
 + Level 2.2 Fighting
 + Level 3.2 Axes
 + Level 1.9 Throwing
 + Level 0.8 Armour
 + Level 3.2 Dodging
 + Level 0.2 Stealth


You had 2 spell levels left.
You didn't know any spells.
Your spell library was empty.

Dungeon Overview and Level Annotations

Branches:
Dungeon (2/15)

Altars:
Dithmenos


Innate Abilities, Weirdness & Mutations

You have a somewhat thin skeletal structure. (Dex +2, Stealth+)


Message History

The helpless ball python fails to defend itself.
You hit the ball python.
You kill the ball python!
You see here a ball python corpse.
A bat comes into view.
The bat moves out of view.
You hit the bat.
You kill the bat!
A gnoll comes into view. It is wielding a +0 halberd.
The gnoll shouts!
You hear a shout! x2
The gnoll completely misses you.
You barely miss the gnoll. The gnoll closely misses you.
You slash the gnoll!
The gnoll is severely wounded.
The gnoll barely misses you.
A gnoll comes into view. It is wielding a +0 halberd.
The gnoll hits you from afar with a +0 halberd!
The gnoll barely misses you.
You hit the gnoll.
You kill the gnoll!
The gnoll barely misses you.
A hobgoblin comes into view.
The hobgoblin shouts!
The gnoll hits you with a +0 halberd!
* * * LOW HITPOINT WARNING * * *
Things that are here:
a +0 halberd; a gnoll corpse You closely miss the gnoll.
The gnoll hits you with a +0 halberd.
* * * LOW HITPOINT WARNING * * *
You hit the gnoll.
The gnoll is heavily wounded.
The gnoll barely misses you. The gnoll closely misses you.
You hit the gnoll. Your punch misses the gnoll.
The gnoll is heavily wounded.
A gnoll comes into view. It is wielding a +0 flail.
The gnoll closely misses you.
You barely miss the gnoll.
The gnoll is heavily wounded.
The gnoll hits you with a +0 halberd!
You die...

#.#####.# #......#
......##.###.####.#
#.##......#.####.#
#..............#.#
####...##.#.##.#.####
.####.####.#.........#
...........#########.#
......###### ######.##
..###.#######
#.@.....#
#..##.#.....#
#g####..#
...##.#.....# #g #..#
)#.##.......# #. ...#
......#...†.# #. ##.#
##..###.....# #g .#
#..# ####### #. .#
....# .. ## .....


You could see 2 gnolls and a hobgoblin.

Vanquished Creatures
  A gnoll (D:2)
  A dart slug (D:1)
  3 ball pythons
  3 endoplasms
  A giant cockroach (D:1)
  A goblin (D:1)
  6 hobgoblins
  2 quokkas (D:1)
  4 bats
  2 frilled lizards
  3 kobolds (D:1)
  7 rats
34 creatures vanquished.

Notes
Turn   | Place    | Note
-------+----------+-------------------------------------------
     0 | D:1      | gelatine the Demonspawn Gladiator began the quest for the
                  | Orb.
     0 | D:1      | Reached XP level 1. HP: 16/16 MP: 1/1
    78 | D:1      | Gained mutation: You have a somewhat thin skeletal
                  | structure. (Dex +2, Stealth+) [demonic ancestry]
    78 | D:1      | Reached XP level 2. HP: 20/22 MP: 2/2
   837 | D:1      | Reached XP level 3. HP: 21/27 MP: 3/3
   967 | D:2      | Found a shadowy altar of Dithmenos.
  1185 | D:2      | Mangled by a gnoll

Illustrated notes

Levels and vault maps discovered:
D:1:      wander_arrival_peaceful_grave, layout_basic
D:2:      layout_loops_cross, basic_altar

Skill      XL: |  1  2 |
---------------+-------+-----
Dodging        | 3 |  3.2
Axes           | 3 |  3.2
Fighting       | |  2.2
Throwing       | |  1.9
Armour         | |  0.8
Stealth        | |  0.2

Action                     || total
---------------------------++-------
  Melee: War axe           ||    73
   Stab: Sleeping          ||     5
 Armour: Leather armour    ||    40
  Dodge: Dodged            ||    51

Table legend: (Time is in decaauts)
 A = Elapsed time spent in this place.
 B = Non-inter-level travel time spent in this place.
 C = Inter-level travel time spent in this place.
 D = Time resting spent in this place.
 E = Time spent auto-exploring this place.
 F = Levels seen in this place.
 G = Mean time per level.
                   A        B        C        D        E       F      G
               +--------+--------+--------+--------+--------+-----+--------+
         Total |   1210 |   1174 |     36 |      0 |    868 |   2 |  605.0 |
       Dungeon |   1210 |   1174 |     36 |      0 |    868 |   2 |  605.0 |
               +--------+--------+--------+--------+--------+-----+--------+

Top non-repeatable levels by time:
     D:1: 968 daAuts
     D:2: 242 daAuts
